 Dungeon Crawl Stone Soup version 0.31-a0-691-g409c26aa35 (webtiles) character file.

Game seed: 5060994477021474611

35 ragingrage the Ruffian (level 3, 0/42 HPs)
             Began as a Draconian Shapeshifter on Sept 6, 2023.
             Succumbed to a kobold's poison
             ... on level 2 of the Dungeon.
             The game lasted 00:01:00 (1132 turns).

ragingrage the Ruffian (Draconian Shapeshifter)     Turns: 1132, Time: 00:01:01

Health: 0/42       AC: 21    Str: 24    XL:     3   Next: 16%
Magic:  3/3        EV:  2    Int: 10    God:
Gold:   102        SH:  0    Dex: 16    Spells: 2/2 levels left

rFire   . .          .
                       - Unarmed
rCold   . . .        (no shield)
rNeg    . . .        (body armour unavailable)
rPois   +            (helmet currently unavailable)
rElec   .            (cloak currently unavailable)
rCorr   .            (gloves currently unavailable)
SInv    .            (boots currently unavailable)
Will    +....        (no amulet) Stlth
                     g - +6 ring of strength
HPRegen 0.27/turn    j - +6 ring of dexterity
MPRegen 0.08/turn

%: no passive effects
@: lethally poisoned (0 -> -1), tree-form, silenced, enlightened
A: stationary, stasis, torment immunity, boosted hp, AC +5, unfitting armour,
(cold-blooded)
a: no special abilities


You were on level 2 of the Dungeon.
You were a tree.
You visited 1 branch of the dungeon, and saw 2 of its levels.

You collected 102 gold pieces.

Inventory:

Jewellery
 g - a +6 ring of strength (left branch)
 j - a +6 ring of dexterity (right branch)
Talismans
 b - a beast talisman
 c - a flux talisman
Scrolls
 d - 3 scrolls of identify
 e - a scroll of butterflies
 i - a scroll of vulnerability {unknown}
Potions
 f - a potion of enlightenment


   Skills:
 - Level 1.1 Fighting
 - Level 1.7 Dodging
 + Level 3.7 Unarmed Combat
 + Level 3.6 Shapeshifting


You had 2 spell levels left.
You didn't know any spells.
Your spell library was empty.

Dungeon Overview and Level Annotations

Branches:
Dungeon (2/15)

Altars:


Innate Abilities, Weirdness & Mutations

You are a tree.
Your roots penetrate the ground, keeping you stationary.
You cannot be teleported.
You are immune to unholy pain and torment.
Your maximum health is greatly increased.
Your equipment is partially melded.
((Your plain brown scales are hard. (AC +5)))
You cannot fit into any form of body armour.
((You are cold-blooded and may be slowed by cold attacks.))


Message History

You turn into a tree.
Your roots penetrate the ground.
You feel very sick. The kobold hits you but does no damage.
You barely miss the kobold.
You feel very sick. The kobold completely misses you.
You pummel the kobold!!
You kill the kobold!
* * * LOW HITPOINT WARNING * * *
You feel very sick.
You smack the rat!
You kill the rat!
* * * LOW HITPOINT WARNING * * *
You feel very sick.
You cannot move.
You swing at nothing.
* * * LOW HITPOINT WARNING * * *
You feel sick.
You swing at nothing.
* * * LOW HITPOINT WARNING * * *
You feel sick.
You swing at nothing.
* * * LOW HITPOINT WARNING * * *
You feel sick.
As you read the scroll labelled SUOWIU RAUTZ, it crumbles to dust.
It is a scroll of identify.
e - a scroll of butterflies
* * * LOW HITPOINT WARNING * * *
You feel sick.
As you read the scroll labelled ITHREC MENK, it crumbles to dust.
A profound silence engulfs you.
It was a scroll of silence.
* * * LOW HITPOINT WARNING * * *
You feel sick.
Unknown command.
Magic scrolls do not work when you're silenced!
* * * LOW HITPOINT WARNING * * *
You feel sick.
* * * LOW HITPOINT WARNING * * *
You feel sick.
You die...

## ... .... .....
###########
...?..########.......#..
#....)♣....##.#####.#.#
#....#####.##.#...#.#.#
#... #.##...#.#.#.. #..
#.######.#.### +.
#........#.... #
#.############ #.# #.#
#.#


There were no monsters in sight!

Vanquished Creatures
  A worm (D:2)
  2 bats (D:1)
  3 endoplasms (D:1)
  3 goblins
  2 jackals (D:1)
  5 kobolds
  2 quokkas (D:1)
  7 ball pythons
  2 frilled lizards
  3 rats
30 creatures vanquished.

Notes
Turn   | Place    | Note
-------+----------+-------------------------------------------
     0 | D:1      | ragingrage the Draconian Shapeshifter began the quest for
                  | the Orb.
     0 | D:1      | Reached XP level 1. HP: 16/16 MP: 1/1
   162 | D:1      | Reached XP level 2. HP: 23/23 MP: 2/2
  1028 | D:2      | Reached XP level 3. HP: 28/28 MP: 3/3
  1129 | D:2      | HP: 2/42 [poisoned by a kobold]
  1132 | D:2      | Succumbed to a kobold's poison

Illustrated notes

Levels and vault maps discovered:
D:1:      dpeg_arrival_leaves_temple_mockup, layout_basic
D:2:      layout_basic, patterned_corridor

Action                     || total
---------------------------++-------
  Melee: Unarmed           ||    62
         Tailslap          ||     2
    Use: Scroll            ||     2
         Potion            ||     2
   Stab: Sleeping          ||     1
 Armour: Skin              ||    22
  Dodge: Dodged            ||    49

Table legend: (Time is in decaauts)
 A = Elapsed time spent in this place.
 B = Non-inter-level travel time spent in this place.
 C = Inter-level travel time spent in this place.
 D = Time resting spent in this place.
 E = Time spent auto-exploring this place.
 F = Levels seen in this place.
 G = Mean time per level.
                   A        B        C        D        E       F      G
               +--------+--------+--------+--------+--------+-----+--------+
         Total |   1126 |   1102 |     24 |     49 |    874 |   2 |  563.0 |
       Dungeon |   1126 |   1102 |     24 |     49 |    874 |   2 |  563.0 |
               +--------+--------+--------+--------+--------+-----+--------+

Top non-repeatable levels by time:
     D:1: 987 daAuts
     D:2: 138 daAuts
